 Seeded DCSS version 0.31-a0-164-g2312942fda (webtiles) character file.

Game seed: 15193961402842118363 (custom seed)

8470 SigmundSlayer the Skirmisher (level 10, -14/136 HPs)
             Began as a Demigod Hunter on June 13, 2023.
             Demolished by a two-headed ogre
             ... wielding a +0 giant club
              (20 damage)
             ... on level 9 of the Dungeon.
             The game lasted 00:11:00 (7507 turns).

SigmundSlayer the Skirmisher (Demigod Hunter)       Turns: 7507, Time: 00:11:00

Health: -14/136    AC: 25    Str: 13 (16) XL:     10   Next: 85%
Magic:  13/13      EV:  2    Int: 11      God:
Gold:   949        SH:  5    Dex: 30 (31) Spells: 9/9 levels left

rFire   . . .        x - -2 triple crossbow (freeze)
rCold   . . .        (shield currently unavailable)
rNeg    . . .        o - melded +8 chain mail "Racsexev" {SInv}
rPois   +            p - melded +2 hat
rElec   .            h - melded +0 cloak
rCorr   .            (gloves currently unavailable)
SInv    .            (boots currently unavailable)
Will    ++...        t - amulet of reflection
Stlth   +++          n - +6 ring of dexterity
HPRegen 0.42/turn    e - ring of willpower
MPRegen 0.13/turn

%: reflection
@: brilliant, tree-form
A: stationary, stasis, torment immunity, boosted hp, high MP 1, forlorn, divine
attributes, MP-powered wands
a: no special abilities


You were on level 9 of the Dungeon.
You were a tree.
You visited 1 branch of the dungeon, and saw 9 of its levels.

You collected 950 gold pieces.
You spent 1 gold pieces at shops.

Inventory:

Hand Weapons
 a - a +0 shortbow
 x - a -2 triple crossbow of freezing (weapon)
Missiles
 c - a throwing net
Armour
 h - a +0 cloak (melded)
 o - the +8 chain mail "Racsexev" (melded) {SInv}
   (You found it on level 2 of the Dungeon)

   SInv:      It lets you see invisible.
 p - a +2 hat (melded)
Jewellery
 e - a ring of willpower (right branch)
 j - a ring of positive energy
 n - a +6 ring of dexterity (left branch)
 t - an amulet of reflection (around neck)
Wands
 d - a wand of flame (13)
 l - a wand of polymorph (10)
 m - a wand of roots (6)
 B - a wand of paralysis (8)
Scrolls
 b - a scroll of butterflies
 f - a scroll of amnesia
 i - 2 scrolls of vulnerability
 k - 5 scrolls of teleportation
 s - 2 scrolls of revelation
 v - a scroll of blinking
 w - a scroll of noise
Potions
 g - a potion of enlightenment
 u - 4 potions of curing
 z - 2 potions of cancellation


   Skills:
 + Level 9.4 Fighting
 + Level 9.8 Ranged Weapons
 + Level 8.8 Armour
 - Level 3.2 Dodging
 - Level 0.8 Stealth


You had 9 spell levels left.
You didn't know any spells.
Your spell library contained the following spells:

 Spells                   Type           Power      Damage    Failure   Level
 Inner Flame              Hex/Fire       0%         N/A       71%         3
 Yara's Violent Unravell  Hex/Tmut       0%         3d3       100%        5
 Enfeeble                 Hex            0%         N/A       100%        7


Dungeon Overview and Level Annotations

Branches:
Dungeon (9/15)             Temple (0/1) D:4            Lair (0/5) D:9
    Orc: D:9-12

Shops:
D:4 *


Innate Abilities, Weirdness & Mutations

You are a tree.
Your roots penetrate the ground, keeping you stationary.
You cannot be teleported.
You are immune to unholy pain and torment.
Your maximum health is greatly increased.
Your equipment is partially melded.
You have an increased reservoir of magic. (+10% MP)
You shall have no god before yourself.
Your divine heritage dramatically boosts your attributes as you level up.
You expend magic power (3 MP) to strengthen your wands.


Message History

A slime creature comes into view.
The troll bites you but does no damage. You block the troll's attack. x2
The troll bites you but does no damage.
The troll claws you but does no damage. x2
You feel your intelligence returning.
It was a potion of brilliance.
You feel clever all of a sudden. The troll bites you but does no damage.
The troll claws you but does no damage. x2
Fire: x) -2 triple crossbow (freeze)
Press: ? - help, Q - select action, (/) - cycle Shift-Dir - straight line, f - troll
Aim: a troll (69% to hit)
You shoot a bolt. The slime creature quivers.
The bolt hits the troll!!
The bolt freezes the troll!
You kill the troll!
The two-headed ogre hits you but does no damage.
The two-headed ogre hits you with a +0 giant club.
* * * LOW HITPOINT WARNING * * *
Two slime creatures merge to form a large slime creature.
The two-headed ogre hits you but does no damage. x2
Fire: x) -2 triple crossbow (freeze)
Press: ? - help, Q - select action, (/) - cycle Shift-Dir - straight line, f - two-headed ogre
Aim: a two-headed ogre, wielding two +0 giant clubs (80% to hit)
You shoot a bolt.
The bolt completely misses the two-headed ogre.
The bolt hits the large slime creature.
The bolt freezes the large slime creature.
The large slime creature is lightly wounded.
The two-headed ogre hits you with a +0 giant club!
* * * LOW HITPOINT WARNING * * *
The two-headed ogre hits you with a +0 giant club!
* * * LOW HITPOINT WARNING * * *
Fire: x) -2 triple crossbow (freeze)
Press: ? - help, Q - select action, (/) - cycle Shift-Dir - straight line, f/p - two-headed ogre
Aim: a two-headed ogre, wielding two +0 giant clubs (80% to hit)
You shoot a bolt. The bolt hits the two-headed ogre!
The bolt freezes the two-headed ogre!
The two-headed ogre is heavily wounded.
You feel yourself speed up.
The two-headed ogre hits you with a +0 giant club!!
You die...

....##.... ...........
... ..##....##. #.#
........##. #.# ......#
#[ #.# .....)# #. #.#
##..######.####.#
.............##.#####
.###.######.#.#.♣OJ.#
.....#.....###..###.'...
.#####.####.#.#.# ... .#
#..>........# #
.####..#####.####
.......# #.# .......#
#.# .###########.#
.............#


You could see a large slime creature and a two-headed ogre.

Vanquished Creatures
  Gastronok (D:8)
  Pikel (D:8)
  A manticore (D:9)
  Maurice (D:8)
  Maggie (D:8)
  A rime drake (D:9)
  A freezing wraith (D:9)
  A troll (D:9)
  2 polar bears (D:9)
  A shadow (D:7)
  Sigmund (D:2)
  A wyvern (D:7)
  9 yaks
  3 steam dragons
  A black bear (D:4)
  8 ice beasts
  A boggart (D:9)
  A wolf (D:9)
  A centaur (D:5)
  A kobold brigand (D:4)
  A lemure (D:8)
  A phantom (D:5)
  3 bullfrogs
  6 wights
  4 killer bees (D:9)
  2 howler monkeys
  A jelly (D:5)
  2 hounds
  An orc priest (D:6)
  2 sleepcaps
  Jessica (D:2)
  5 iguanas
  2 orc wizards (D:6)
  6 adders
  2 shadow imps
  3 white imps
  2 ufetubi
  2 worms
  2 dart slugs (D:1)
  16 orcs
  6 ball pythons
  3 bats (D:1)
  2 endoplasms
  7 giant cockroaches
  10 goblins
  3 hobgoblins
  7 jackals (D:1)
  4 quokkas
  3 frilled lizards (D:1)
  A goblin skeleton (D:8)
  2 goblin zombies (D:8)
  4 hobgoblin zombies (D:8)
  3 kobolds
  2 kobold zombies (D:8)
  An orc skeleton (D:8)
  7 rats
167 creatures vanquished.

Vanquished Creatures (others)
  A troll (D:9)
  A polar bear (D:9)
  A killer bee (D:9)
3 creatures vanquished.

Grand Total: 170 creatures vanquished

Notes
Turn   | Place    | Note
-------+----------+-------------------------------------------
     0 | D:1      | SigmundSlayer the Demigod Hunter began the quest for the
                  | Orb.
     0 | D:1      | Reached XP level 1. HP: 17/17 MP: 3/3
   105 | D:1      | Reached XP level 2. HP: 3/24 MP: 4/4
   107 | D:1      | HP: 1/24 [giant cockroach (2)]
   812 | D:1      | Reached XP level 3. HP: 30/30 MP: 5/5
  1336 | D:2      | Noticed Sigmund
  1356 | D:2      | Killed Sigmund
  1357 | D:2      | Reached skill level 1 in Armour
  1357 | D:2      | Reached XP level 4. HP: 22/38 MP: 6/6
  1357 | D:2      | Reached XP level 5. HP: 26/45 MP: 7/7
  1441 | D:2      | Noticed Jessica
  1446 | D:2      | Killed Jessica
  1519 | D:2      | Identified the +8 chain mail "Racsexev" {SInv}
  3130 | D:4      | Reached XP level 6. HP: 46/52 MP: 8/8
  3203 | D:4      | Found a staircase to the Ecumenical Temple.
  3278 | D:4      | Found Ogerhoh's Lightly-Used Armoury.
  3286 | D:4      | Bought a -3 triple crossbow for 1 gold piece
  3400 | D:4      | Reached skill level 5 in Ranged Weapons
  3424 | D:4      | Gained mutation: You expend magic power (3 MP) to
                  | strengthen your wands. [potion of mutation]
  3715 | D:4      | Reached XP level 7. HP: 42/59 MP: 9/9
  3821 | D:5      | Entered Level 5 of the Dungeon
  4528 | D:6      | Reached skill level 5 in Fighting
  4638 | D:6      | Noticed a steam dragon
  4647 | D:6      | Killed a steam dragon
  4648 | D:6      | Reached XP level 8. HP: 48/68 MP: 10/10
  5018 | D:6      | Reached skill level 5 in Armour
  5329 | D:7      | Reached XP level 9. HP: 73/78 MP: 11/11
  6242 | D:8      | Noticed Maurice
  6261 | D:8      | Killed Maurice
  6402 | D:8      | Noticed Gastronok
  6408 | D:8      | Killed Gastronok
  6409 | D:8      | Reached XP level 10. HP: 66/88 MP: 13/13
  6616 | D:8      | Noticed Maggie
  6621 | D:8      | Killed Maggie
  6667 | D:8      | Noticed Pikel
  6675 | D:8      | Killed Pikel
  6973 | D:8      | Identified a scroll of acquirement
  6973 | D:8      | Acquired 577 gold pieces
  7416 | D:9      | Found a staircase to the Lair.
  7490 | D:9      | Noticed a manticore
  7496 | D:9      | Noticed a two-headed ogre
  7498 | D:9      | Killed a manticore
  7506 | D:9      | HP: 5/136 [two-headed ogre/+0 giant club (12)]
  7507 | D:9      | Demolished by a two-headed ogre

Illustrated notes

Levels and vault maps discovered:
D:1:      evilmike_arrival_rings, layout_loops_ring,
          dreamdust_ecumenical_altar_hidden_monk_grotto, minmay_cut_off
D:2:      layout_basic, basic_altar, uniq_sigmund, uniq_jessica
D:3:      layout_loops_corners, mainiacjoe_overflow_alcove_2,
          mainiacjoe_overflow_small_starburst
D:4:      layout_gridville, general_overflow_altar,
          nicolae_dithmenos_shadow_blocks, minmay_temple_entry_glass,
          minmay_shop_damaged
D:5:      layout_basic
D:6:      layout_rooms, mainiacjoe_overflow_six_doors_small,
          nicolae_overflow_quartered_altars
D:7:      layout_gridville, mainiacjoe_overflow_cross_hatched
D:8:      layout_rooms, nicolae_tso_besieged_by_evil, uniq_maurice,
          uniq_gastronok, uniq_maggie, uniq_pikel
D:9:      layout_loops_ring, overflow_temple_1_default, zin_statuary,
          hellmonk_lair_entry_icy, minmay_evil_grid

Skill      XL: |  1  2  3  4  5  6  7  8  9 10 |
---------------+-------------------------------+-----
Dodging        | 2 3 |  3.2
Fighting       | 2 3 4 5 6 8 9 |  9.4
Ranged Weapons | 4 5 6 7 8 9 |  9.8
Armour         | 1 2 3 4 6 7 8 |  8.8
Stealth        | |  0.8

Action                     |  1- 3 |  4- 6 |  7- 9 | 10-12 || total
---------------------------+-------+-------+-------+-------++-------
   Fire: Shortbow          |   113 |    95 |       |       ||   208
         Triple crossbow   |       |    26 |   171 |    97 ||   294
    Use: Scroll            |       |    14 |     4 |     2 ||    20
         Potion            |       |     1 |       |     7 ||     8
 Armour: Leather armour    |    23 |       |       |       ||    23
         Ring mail         |     2 |       |       |       ||     2
         Chain mail        |       |    75 |   122 |   116 ||   313
         Skin              |       |       |       |    14 ||    14
  Dodge: Dodged            |    75 |    41 |    92 |    97 ||   305
  Block: Other             |       |       |       |     8 ||     8

Table legend: (Time is in decaauts)
 A = Elapsed time spent in this place.
 B = Non-inter-level travel time spent in this place.
 C = Inter-level travel time spent in this place.
 D = Time resting spent in this place.
 E = Time spent auto-exploring this place.
 F = Levels seen in this place.
 G = Mean time per level.
                   A        B        C        D        E       F      G
               +--------+--------+--------+--------+--------+-----+--------+
         Total |   7970 |   7531 |    439 |   1175 |   4998 |   9 |  885.6 |
       Dungeon |   7970 |   7531 |    439 |   1175 |   4998 |   9 |  885.6 |
               +--------+--------+--------+--------+--------+-----+--------+

Top non-repeatable levels by time:
     D:1: 1191 daAuts
     D:2: 1025 daAuts
     D:4: 954 daAuts
     D:7: 936 daAuts
     D:8: 894 daAuts
     D:6: 865 daAuts
     D:3: 858 daAuts
     D:5: 674 daAuts
     D:9: 568 daAuts
